 Dungeon Crawl Stone Soup version 0.28.0 (webtiles) character file.

Game seed: 8488802289490682286

41986 Strat the Basher (level 13, -5/105 HPs)
             Began as a Demonspawn Abyssal Knight on Feb 5, 2022.
             Was a Priest of Lugonu.
             Drowned by a drowned soul (17 damage)
             ... summoned by a merfolk avatar
             ... on level 6 of the Lair of Beasts.
             The game lasted 01:10:47 (28927 turns).

Strat the Basher (Demonspawn Abyssal Knight)       Turns: 28927, Time: 01:10:49

Health: -5/105     AC: 24    Str: 19    XL:     13   Next: 83%
Magic:  21/21      EV: 11    Int: 12    God:    Lugonu [***...]
Gold:   874        SH:  0    Dex: 13    Spells: 9/12 levels left

rFire   . . .      SeeInvis .   b - +2 morningstar (elec)
rCold   . . .      Faith    .   (no shield)
rNeg    . . .      Spirit   .   z - +3 plate armour
rPois   +          Reflect  .   I - +0 helmet
rElec   .          Harm     .   u - +0 cloak
rCorr   .          Rampage  .   (gloves unavailable)
Will    .....                   (no boots)
Stlth   ..........              w - amulet of the acrobat
HPRegen 0.27/turn               i - +4 ring of protection
MPRegen 0.34/turn               j - ring of poison resistance

@: mighty, mesmerised, very slow
A: demonic guardian 1, magic regeneration, sturdy frame 2, corrupting presence
1, demonic touch 3
a: Renounce Religion, Depart the Abyss, Bend Space, Banish


You were on level 6 of the Lair of Beasts.
You worshipped Lugonu.
Lugonu was most pleased with you.
You visited 4 branches of the dungeon, and saw 20 of its levels.
You visited the Abyss 1 time.

You collected 984 gold pieces.
You spent 110 gold pieces at shops.

Inventory:

Hand Weapons
 a - a +3 dire flail of freezing
 b - a +2 morningstar of electrocution (weapon)
 k - a +0 hunting sling
 E - a +2 vorpal flail
Missiles
 f - 419 stones
 l - 14 atropa-tipped darts
 o - 6 poisoned darts (quivered)
 r - 6 throwing nets
 t - 3 boomerangs of dispersal
Armour
 e - a +1 hat
 u - a +0 cloak (worn)
 y - a +0 pair of gloves
 z - a +3 plate armour (worn)
 I - a +0 helmet (worn)
Jewellery
 d - a +4 ring of evasion
 h - a ring of fire
 i - a +4 ring of protection (left hand)
 j - a ring of poison resistance (right hand)
 s - a ring of magical power
 w - an amulet of the acrobat (around neck)
 x - a ring of resist corrosion
 A - a +6 ring of dexterity
 Q - a ring of positive energy
Wands
 p - a wand of digging (8)
 K - a wand of acid (1)
Scrolls
 g - a scroll of enchant weapon
 n - a scroll of brand weapon
 C - 5 scrolls of amnesia
 N - 2 scrolls of identify
 P - a scroll of noise {unknown}
Potions
 m - a potion of invisibility
 q - a potion of ambrosia
 v - a potion of cancellation
 B - 2 potions of brilliance
 D - a potion of curing
 F - a potion of flight
 G - a potion of magic
 L - a potion of mutation


   Skills:
 + Level 10.8 Fighting
 - Level 14.0 Maces & Flails
 - Level 10.0 Armour
 + Level 8.5 Dodging
 + Level 11.3 Invocations


You had 9 spell levels left.
You knew the following spells:

 Your Spells              Type           Power      Damage    Failure   Level
a - Apportation           Tloc           0%         N/A       89%         1
b - Blink                 Tloc           0%         N/A       96%         2

Your spell library contained the following spells:

 Spells                   Type           Power      Damage    Failure   Level
 Animate Skeleton         Necr           0%         N/A       89%         1
 Pain                     Necr           0%         1d4       89%         1
 Sandblast                Erth           0%         2d4       89%         1
 Shock                    Conj/Air       0%         1d3       89%         1
 Slow                     Hex            0%         N/A       89%         1
 Summon Small Mammal      Summ           0%         N/A       89%         1
 Passwall                 Tmut/Erth      0%         N/A       96%         2
 Scorch                   Fire           0%         2d5       96%         2
 Confusing Touch          Hex            0%         N/A       99%         3
 Frozen Ramparts          Ice            0%         1d2       99%         3
 Inner Flame              Hex/Fire       0%         N/A       99%         3
 Lesser Beckoning         Tloc           0%         N/A       99%         3
 Spider Form              Tmut/Pois      0%         N/A       99%         3
 Stone Arrow              Conj/Erth      0%         3d7       99%         3
 Swiftness                Air            0%         N/A       99%         3
 Vampiric Draining        Necr           0%         2d6       99%         3
 Airstrike                Air            0%         N/A       100%        4
 Anguish                  Hex/Necr       0%         N/A       100%        4
 Cause Fear               Hex            0%         N/A       100%        4
 Flame Wave               Conj/Fire      0%         2d4       100%        4
 Petrify                  Tmut/Erth      0%         N/A       100%        4
 Alistair's Intoxication  Tmut/Pois      0%         N/A       100%        5
 Freezing Cloud           Conj/Ice/Air   0%         6-21      100%        5
 Manifold Assault         Tloc           0%         N/A       100%        5
 Summon Forest            Summ/Tloc      0%         N/A       100%        5
 Summon Mana Viper        Hex/Summ       0%         N/A       100%        5
 Summon Cactus Giant      Summ           0%         N/A       100%        6
 Malign Gateway           Summ/Tloc      0%         N/A       100%        7
 Discord                  Hex            0%         N/A       100%        8


Dungeon Overview and Level Annotations

Branches:
Dungeon (12/15)            Temple (0/1) D:6            Lair (6/6) D:10
 Shoals (0/4) Lair:3        Snake (1/4) Lair:4        Slime (0/5) Lair:6
    Orc (1/2) D:9

Altars:
Cheibriados
Gozag
Makhleb
Okawaru
Sif Muna
Uskayaw
The Shining One
Jiyva

Shops:
D:2 (   D:5 *(   D:7 **   D:11 [

Annotations:
D:5 Eustachio
D:7 Joseph
D:8 Psyche
Lair:1 Gastronok
Abyss:1 Rupert


Innate Abilities, Weirdness & Mutations

A weak demonic guardian rushes to your aid.
You regenerate magic rapidly.
Your movements are less encumbered by armour. (ER -4)
Your presence sometimes corrodes those you injure.
Your touch may irresistibly damage your foes and sap their willpower.


Message History

You kill the seven-headed hydra!
Lugonu accepts your kill.
The merfolk avatar chants its luring song.
Your orange demon splashes around in the water.
Your orange demon hits the polar bear.
The polar bear completely misses you. The polar bear claws you.
* * * LOW HITPOINT WARNING * * *
The polar bear claws you but does no damage.
You closely miss the polar bear.
The polar bear is moderately wounded.
Shadowy forms rise from the deep at the merfolk avatar's song!
The merfolk avatar chants its luring song.
Your orange demon splashes around in the water.
Your orange demon hits the polar bear but does no damage.
You completely miss the polar bear.
You touch the polar bear!
You sap its willpower!
The polar bear is heavily wounded.
The polar bear bites you.
* * * LOW HITPOINT WARNING * * *
The polar bear completely misses you.
The polar bear claws you but does no damage.
The merfolk avatar chants its luring song.
Your orange demon splashes around in the water.
Your orange demon hits the polar bear.
You feel better.
The pull of its song draws you forwards.
You enter the shallow water.
Moving in this stuff is going to be slow.
The merfolk avatar chants its luring song.
Your orange demon barely misses the polar bear.
Your orange demon hits the polar bear.
The polar bear looks weaker.
Okay, then.
You barely miss the polar bear.
You touch the polar bear!
You sap its willpower!
The polar bear is severely wounded.
The polar bear bites you but does no damage.
The polar bear claws you but does no damage.
The polar bear closely misses you. The drowned soul touches you.
The drowned soul drowns you!
You die...

..≈.≈≈≈≈≈≈≈≈≈.≈≈≈≈≈≈≈≈≈≈≈≈≈≈≈....
..≈#≈#.##################≈##.....
..#≈≈#≈≈≈≈⌠. ≈≈≈≈≈≈⌠#8≈≈#≈##.....
.≈≈Y≈≈.≈≈#≈≈≈ ≈≈≈≈≈≈#≈#≈≈≈≈≈≈....
.≈≈≈≈≈≈..≈≈≈≈≈ ≈≈≈≈≈#≈≈≈#≈≈≈≈....
.≈≈#≈≈≈≈≈#≈ #≈##≈#.≈.≈#≈#≈##≈h...
.≈##≈#≈≈≈#≈≈#|!W(#≈.≈.≈≈#≈#≈.....
..≈ ≈. ≈≈#≈≈≈!WW).4≈≈.≈P≈≈≈≈.....
..≈ ≈≈≈ ≈# #=≈m@h≈≈≈≈8≈≈.≈≈≈....
..≈ Y#≈≈ #≈≈≈}!$$#≈≈≈≈≈≈≈≈##.<...
.≈ ≈≈≈≈≈#≈8≈≈##≈≈8≈#≈≈≈#≈≈#≈....
≈≈≈≈≈#≈≈≈≈≈≈≈≈≈≈≈≈.≈#≈≈≈.....
#.≈≈≈≈≈≈≈≈≈#≈#≈≈≈.≈..... #⌠
≈≈≈≈≈≈≈⌠#≈≈≈#≈≈≈..... #
.#####.#####≈≈#≈≈.... ≈≈ ≈≈≈
≈.≈≈≈≈..... ≈≈ ≈≈≈≈≈≈.....


You could see a merfolk avatar (mesmerising), a polar bear (weak-willed, weak,
ally target), 3 drowned souls and a friendly orange demon (summoned).

Vanquished Creatures
  3 hydras
  2 two-headed ogres
  A sea snake (Lair:5)
  2 harpies
  17 elephants
  3 black mambas
  11 cane toads
  2 gargoyles
  4 rime drakes
  11 komodo dragons
  2 polar bears (Lair:6)
  A troll (D:9)
  Prince Ribbit (D:5)
  2 hornets
  21 blink frogs
  A snapping turtle (Lair:3)
  5 wraiths
  30 yaks
  3 shadows
  6 wyverns
  2 steam dragons
  A basilisk (D:10)
  Menkaure (D:5)
  3 nagas (Lair:4)
  20 water moccasins
  An ice beast (D:5)
  5 orc warriors
  2 black bears
  A necrophage (D:6)
  An ogre (D:9)
  6 wolves
  4 centaurs
  7 bullfrogs
  Blork the orc (D:6)
  A kobold brigand (D:9)
  3 gnoll sergeants
  2 wyvern zombies
  A scorpion (D:5)
  A killer bee (D:9)
  12 wights
  5 electric eels
  4 centaur zombies
  3 howler monkeys
  6 hounds
  An iron imp (D:8)
  6 orc priests
  2 jellies
  2 centaur skeletons
  Crazy Yiuf (D:6)
  7 orc wizards
  An iguana (D:7)
  A howler monkey zombie (D:6)
  16 gnolls
  4 adders
  A howler monkey skeleton (D:7)
  3 white imps
  An ufetubus (D:6)
  An adder zombie (D:5)
  An adder skeleton (D:4)
  3 dart slugs
  41 orcs
  3 bats
  9 endoplasms
  6 giant cockroaches
  10 goblins
  8 hobgoblins
  6 jackals
  8 quokkas
  A ball python (D:4)
  2 frilled lizards (D:1)
  A goblin skeleton (D:8)
  5 hobgoblin zombies (D:8)
  5 kobolds
  2 kobold skeletons (D:8)
  A kobold zombie (D:8)
  3 orc skeletons (D:8)
  An orc zombie (D:8)
  10 rats
394 creatures vanquished.

Vanquished Creatures (collateral kills)
  A troll (D:9)
  A yak (Lair:2)
  An orc warrior (D:11)
  A wolf (Lair:3)
  A scorpion (D:4)
  2 orc wizards
  A white imp (D:5)
  A goblin (D:3)
  A quokka (D:2)
10 creatures vanquished.

Vanquished Creatures (others)
  An orc (D:8)
  51 fungi
  86 plants
138 creatures vanquished.

Grand Total: 542 creatures vanquished

Notes
Turn   | Place    | Note
-------+----------+-------------------------------------------
     0 | Abyss:1  | Strat the Demonspawn Abyssal Knight began the quest for the
                  | Orb.
     0 | Abyss:1  | Reached XP level 1. HP: 18/18 MP: 2/2
     6 | D:1      | Escaped the Abyss
    78 | D:1      | Reached skill level 2 in Maces & Flails
   297 | D:1      | Found a faded altar of an unknown god.
   398 | D:1      | Gained mutation: A weak demonic guardian rushes to your
                  | aid. [demonic ancestry]
   398 | D:1      | Reached XP level 2. HP: 24/24 MP: 3/3
  1307 | D:2      | Reached skill level 3 in Maces & Flails
  1606 | D:2      | Gained mutation: Your movements are slightly less
                  | encumbered by armour. (ER -2) [demonic ancestry]
  1606 | D:2      | Reached XP level 3. HP: 27/29 MP: 4/4
  1879 | D:2      | Found Setehaum's Weapon Boutique.
  1896 | D:2      | Reached ** piety under Lugonu
  2631 | D:3      | Found an iron altar of Okawaru.
  2829 | D:2      | Reached skill level 4 in Maces & Flails
  2829 | D:2      | Gained mutation: You regenerate magic rapidly. [demonic
                  | ancestry]
  2829 | D:2      | Reached XP level 4. HP: 32/35 MP: 5/5
  3540 | D:3      | Reached XP level 5. HP: 41/41 MP: 6/6
  3576 | D:4      | Reached skill level 5 in Maces & Flails
  3866 | D:4      | Reached *** piety under Lugonu
  3879 | D:4      | Learned a level 1 spell: Apportation
  3882 | D:4      | Learned a level 2 spell: Blink
  4550 | D:4      | Gained mutation: Your movements are less encumbered by
                  | armour. (ER -4) [demonic ancestry]
  4550 | D:4      | Reached XP level 6. HP: 47/47 MP: 8/8
  5034 | D:5      | Entered Level 5 of the Dungeon
  5034 | D:5      | Noticed an ice beast
  5034 | D:5      | Noticed a water moccasin
  5034 | D:5      | Found Nesto's Assorted Antiques.
  5308 | D:5      | Found an opulent altar of Gozag.
  5428 | D:5      | Found Wisauff's Antique Weapon Shop.
  5428 | D:5      | Noticed Menkaure
  5842 | D:5      | Killed Menkaure
  5843 | D:5      | Reached skill level 6 in Maces & Flails
  5843 | D:5      | Reached XP level 7. HP: 54/54 MP: 10/10
  6060 | D:5      | Noticed Prince Ribbit
  6066 | D:5      | Identified the +5 falchion of Zouv {pain, rCorr}
  6272 | D:5      | Bought a scroll of teleportation for 72 gold pieces
  6274 | D:5      | Found a shimmering blue altar of Sif Muna.
  6345 | D:4      | Reached skill level 5 in Invocations
  6609 | D:5      | Killed Prince Ribbit
  6751 | D:5      | Got the Reference Book on Spatial Shape Shifting
  6973 | D:5      | Reached XP level 8. HP: 48/60 MP: 12/12
  7081 | D:5      | Found a burning altar of Makhleb.
  7113 | D:5      | Noticed a blizzard demon
  7117 | D:5      | Noticed an orange demon
  7699 | D:6      | Reached **** piety under Lugonu
  7768 | D:6      | Noticed Eustachio
  7834 | D:2      | Bought a +0 flail for 38 gold pieces
  7923 | D:5      | Reached skill level 7 in Maces & Flails
  8236 | D:6      | Noticed Blork the orc
  8616 | D:6      | Found a runed translucent door.
  8617 | D:6      | Noticed Crazy Yiuf
  8819 | D:6      | Killed Blork the orc
  8871 | D:6      | Found a staircase to the Ecumenical Temple.
  9624 | D:6      | Killed Crazy Yiuf
  9814 | D:7      | Reached skill level 8 in Maces & Flails
  9883 | D:7      | Found a hide-covered altar of Uskayaw.
  9995 | D:6      | Gained mutation: Your touch may inflict minor irresistible
                  | damage on your foes. [demonic ancestry]
  9995 | D:6      | Reached XP level 9. HP: 65/66 MP: 15/15
 10187 | D:7      | Noticed Joseph
 10658 | D:7      | Reached skill level 5 in Fighting
 10722 | D:7      | Found Viarchec's General Store.
 10724 | D:7      | Found Satissam's Specific Store.
 11133 | D:8      | Paralysed by a hornet for 2 turns
 11142 | D:8      | Paralysed by a hornet for 1 turns
 11690 | D:8      | Reached ***** piety under Lugonu
 11762 | D:8      | Noticed Psyche
 11981 | D:8      | Reached skill level 10 in Invocations
 12401 | D:8      | Reached skill level 9 in Maces & Flails
 12431 | D:8      | Noticed a two-headed ogre
 12835 | D:8      | Killed a two-headed ogre
 12836 | D:8      | Gained mutation: Your presence sometimes corrodes those you
                  | injure. [demonic ancestry]
 12836 | D:8      | Reached XP level 10. HP: 77/77 MP: 17/17
 12924 | D:8      | Reached skill level 5 in Armour
 13264 | D:8      | Noticed a boulder beetle
 13264 | D:8      | Noticed a cyclops
 13598 | D:9      | Found a staircase to the Orcish Mines.
 14281 | D:9      | Noticed a two-headed ogre
 14474 | D:9      | Killed a two-headed ogre
 14475 | D:9      | Reached skill level 10 in Maces & Flails
 14727 | D:9      | Noticed an eight-headed hydra
 14727 | D:9      | Noticed a manticore
 14727 | D:9      | Noticed a red ugly thing
 14910 | Orc:1    | Entered Level 1 of the Orcish Mines
 14910 | Orc:1    | Noticed an orc knight
 14948 | D:10     | Entered Level 10 of the Dungeon
 15017 | D:10     | Found a staircase to the Lair.
 15017 | D:10     | Noticed an elephant
 15122 | D:10     | Killed an elephant
 15379 | D:10     | Gained mutation: Your touch may inflict irresistible damage
                  | on your foes. [demonic ancestry]
 15379 | D:10     | Reached XP level 11. HP: 86/86 MP: 18/18
 15835 | D:10     | Found a snail-covered altar of Cheibriados.
 15871 | D:10     | You fall into a shaft and drop 2 floors!
 16406 | D:11     | Reached skill level 11 in Maces & Flails
 16480 | D:11     | Noticed a seven-headed hydra
 16603 | D:11     | Found Adous's Antique Armour Shop.
 17185 | Lair:1   | Entered Level 1 of the Lair of Beasts
 17399 | Lair:1   | Noticed an eight-headed hydra
 17409 | Lair:1   | Banished an eight-headed hydra
 17943 | Lair:1   | Noticed Gastronok
 18158 | Lair:1   | HP: 1/87 [Gastronok (15)]
 18687 | Lair:1   | Noticed an eight-headed hydra
 18711 | Lair:2   | Noticed a catoblepas
 19281 | Lair:2   | Reached skill level 12 in Maces & Flails
 19770 | Lair:2   | Noticed a five-headed hydra
 19773 | Lair:2   | Banished a five-headed hydra
 19774 | Lair:2   | Gained mutation: Your touch may irresistibly damage your
                  | foes and sap their willpower. [demonic ancestry]
 19774 | Lair:2   | Reached XP level 12. HP: 95/95 MP: 7/19
 20838 | Lair:3   | Noticed Rupert
 21104 | Lair:3   | Found a gate leading to a gauntlet.
 21125 | Lair:3   | Noticed a four-headed hydra
 21908 | Lair:3   | Reached skill level 10 in Fighting
 21908 | Lair:3   | Reached skill level 10 in Armour
 22279 | Lair:3   | Reached skill level 1 in Dodging
 22405 | Lair:3   | Killed a four-headed hydra
 22671 | Lair:3   | Found a staircase to the Shoals.
 22703 | Lair:3   | Reached skill level 13 in Maces & Flails
 22895 | Lair:3   | Paralysed by Rupert for 6 turns
 22908 | Lair:3   | Banished Rupert
 23316 | Lair:4   | Noticed an eight-headed hydra
 23353 | Lair:4   | Killed an eight-headed hydra
 23592 | Lair:4   | Found a staircase to the Snake Pit.
 23771 | Lair:4   | Found the +4 robe of Folly {Brilliance Will-∞ Int+8}
 23919 | Lair:4   | Got the Almanac of Frigorific Hexes
 23996 | Lair:4   | Reached XP level 13. HP: 74/103 MP: 20/20
 24516 | Lair:4   | Reached skill level 5 in Dodging
 24802 | Snake:1  | Entered Level 1 of the Snake Pit
 25858 | Lair:6   | Entered Level 6 of the Lair of Beasts
 26041 | Lair:5   | Reached skill level 14 in Maces & Flails
 26815 | Lair:6   | Found a viscous altar of Jiyva.
 26815 | Lair:6   | Found a staircase to the Slime Pits.
 28923 | Lair:6   | HP: 5/104 [polar bear (2)]
 28927 | Lair:6   | Drowned by a drowned soul

Illustrated notes

Levels and vault maps discovered:
D:1:      dpeg_arrival_round_b, layout_basic, serial_rivers,
          chequers_serial_rivers_small_b, chequers_serial_rivers_micro_e,
          chequers_serial_rivers_large_a, chequers_serial_rivers_micro_d,
          chequers_serial_rivers_marsh, hellmonk_ecumenical_altar_zigzags,
          minivault_24
D:2:      layout_loops_ring, serial_shops, nicolae_shop_bloodbath_and_beyond
D:3:      layout_rooms, okawaru_ov_weapons_minmay, minmay_goblin_outpost
D:4:      layout_cave_pools
D:5:      layout_basic, nicolae_gozag_seed_capital, overflow_temple_1_default,
          makhleb_altar_promises_db, nicolae_stop_n_shop_2,
          nicolae_inconvenience_store, kennysheep_generic_room_8,
          uniq_prince_ribbit1, uniq_menkaure
D:6:      layout_gridville, minmay_temple_entry_proselytizer,
          uniq_blork_the_orc, uniq_eustachio, uniq_crazy_yiuf_cottage
D:7:      layout_gridville, lemuel_crystal_altar, nicolae_specific_store,
          uniq_joseph
D:8:      wad_guarded_room, layout_basic, nicolae_tso_besieged_by_evil,
          special_room [special_room_orc], uniq_psyche
D:9:      minmay_slanted_spiral_squares, layout_small_grid, orc_0_dummy,
          laboratory
D:10:     layout_loops_ring, mainiacjoe_overflow_six_doors_small,
          david_lair_generic, chequers_big_river, nrook_pool_corridor
D:11:     layout_irregular_city, gammafunk_ghost_grave, nicolae_stop_n_shop_2
D:12:     layout_irregular_city, serial_column_ruins, column_ruins_hut_ruined,
          column_ruins_grid_3, column_ruins_grid_1, column_ruins_grid_3
Lair:1:   layout_cave_pods, uniq_gastronok
Lair:2:   layout_regular_city, basic_altar, nicolae_volcano_entry_vermiform,
          minmay_stone_trees_small, lemuel_fruit_tree, serial_bayou_shore_b,
          grunt_megastairs_4
Lair:3:   layout_chaotic_city, minmay_shoals_entry_hut, gauntlet_entry_generic,
          beast_lair_carwin_11, uniq_rupert
Lair:4:   layout_concentric_octagons, minmay_snake_entry_guardpost_small,
          dreamdust_deal_with_the_devil
Lair:5:   layout_cave_pods
Lair:6:   gammafunk_lair_ancient_temple, layout_gridlike, slime_altar_1,
          chequers_serial_rivers_micro_a
Snake:1:  onia_ninara_swampy_vault, layout_concentric_octagons, basic_altar
Orc:1:    layout_caves, minmay_orc_temple_a

Skill      XL: |  1  2  3  4  5  6  7  8  9 10 11 12 13 |
---------------+----------------------------------------+-----
Maces & Flails | 2 3 4 5 6 8 9 10 12 13 14 | 14.0
Invocations    | 3 4 6 8 10 11 | 11.3
Fighting       | 4 6 8 9 10 | 10.8
Armour         | 2 3 4 6 9 10 | 10.0
Dodging        | 4 8 |  8.5

Action                   |  1- 3 |  4- 6 |  7- 9 | 10-12 | 13-15 || total
-------------------------+-------+-------+-------+-------+-------++-------
Melee: Mace              |   179 |   189 |   118 |       |       ||   486
       Punch             |       |     3 |     6 |     4 |     7 ||    20
       Flail             |       |       |   118 |       |       ||   118
       Dire flail        |       |       |   177 |   461 |       ||   638
       Morningstar       |       |       |       |   231 |   327 ||   558
       Touch             |       |       |       |    38 |    74 ||   112
Throw: Stone             |     5 |     6 |       |     5 |       ||    16
       Throwing net      |       |       |       |     1 |       ||     1
Invok: Banish            |       |       |       |    12 |    10 ||    22
Evoke: Wand              |       |     4 |    34 |     4 |     6 ||    48
  Use: Scroll            |       |    12 |     9 |    13 |     4 ||    38
       Potion            |       |     1 |     2 |     3 |     6 ||    12
 Stab: Sleeping          |       |       |     1 |       |       ||     1
       Distracted        |       |       |       |       |     1 ||     1
Armor: Leather armour    |    22 |       |       |       |       ||    22
       Ring mail         |    69 |   133 |   152 |       |       ||   354
       Skin              |       |     4 |       |       |       ||     4
       Plate armour      |       |       |     5 |   380 |   272 ||   657
Dodge: Dodged            |    82 |   134 |   343 |   385 |   266 ||  1210
